 Dungeon Crawl Stone Soup version 0.30-a0-634-g8abc85282e (webtiles) character file.

Game seed: 12066525069750021471

571 Citaku the Covered (level 7, -2/61 HPs)
             Began as a Minotaur Fighter on Jan 14, 2023.
             Was an Initiate of Gozag.
             Shot with an arrow by a centaur (9 damage)
             ... on level 5 of the Dungeon.
             The game lasted 00:06:58 (3896 turns).

Citaku the Covered (Minotaur Fighter)               Turns: 3896, Time: 00:06:59

Health: -2/61      AC:  5    Str: 22    XL:     7   Next: 11%
Magic:  6/6        EV:  9    Int:  5    God:    Gozag
Gold:   263        SH:  5    Dex: 10    Spells: 6/6 levels left

rFire   . . .      SeeInvis .    v - +1 hand axe (heavy)
rCold   . . .      Faith    .    c - +0 buckler
rNeg    + + .      Spirit   .    b - +0 scale mail
rPois   .          Reflect  .    (helmet restricted)
rElec   .          Harm     .    (no cloak)
rCorr   .          Rampage  .    a - +0 pair of gloves
Will    .....                    (no boots) Stlth
                                 (no amulet)
HPRegen 0.30/turn                g - ring of positive energy
MPRegen 0.10/turn                m - ring of positive energy

@: mighty, corroded, gold aura, slowed, very slow
A: horns 2, retaliatory headbutt
a: Renounce Religion, Potion Petition, Call Merchant, Bribe Branch


You were on level 5 of the Dungeon.
You worshipped Gozag.
Gozag was aware of your devotion.
You visited 2 branches of the dungeon, and saw 6 of its levels.

You collected 315 gold pieces.
You paid 52 gold pieces to Gozag.

Inventory:

Hand Weapons
 v - a +1 heavy hand axe (weapon)
Armour
 a - a +0 pair of gloves (worn)
 b - a +0 scale mail (worn)
 c - a +0 buckler (worn)
Jewellery
 g - a ring of positive energy (left hand)
 m - a ring of positive energy (right hand)
Wands
 r - a wand of digging (5)
Scrolls
 e - 2 scrolls of enchant armour {unknown}
 f - 2 scrolls of teleportation {unknown}
 j - a scroll of magic mapping {unknown}
 l - a scroll of noise {unknown}
 n - a scroll of fear {unknown}
 o - a scroll of vulnerability {unknown}
 t - a scroll of enchant weapon {unknown}
Potions
 d - a potion of might
 h - a potion of curing
 i - 2 potions of brilliance {unknown}
 k - a potion of mutation {unknown}
 p - a potion of resistance {unknown}
 q - 2 potions of magic {unknown}
 s - a potion of degeneration {unknown}
 u - a potion of heal wounds {unknown}


   Skills:
 + Level 5.1 Fighting
 * Level 5.7 Axes
 * Level 6.4 Armour
 + Level 5.2 Shields


You had 6 spell levels left.
You didn't know any spells.
Your spell library contained the following spells:

 Spells                   Type           Power      Damage    Failure   Level
 Shock                    Conj/Air       0%         1d3       86%         1
 Summon Small Mammal      Summ           0%         N/A       86%         1
 Call Canine Familiar     Summ           0%         N/A       99%         3
 Dazzling Flash           Conj/Hex       0%         N/A       99%         3
 Stone Arrow              Conj/Erth      0%         3d7       99%         3
 Summon Guardian Golem    Hex/Summ       0%         N/A       99%         3
 Swiftness                Air            0%         N/A       99%         3
 Airstrike                Air            0%         2d(0-16)  100%        4
 Animate Armour           Summ/Erth      0%         N/A       100%        4
 Iskenderun's Mystic Bla  Conj/Tloc      0%         2d3       100%        4
 Starburst                Conj/Fire      0%         6d3       100%        6
 Lehudib's Crystal Spear  Conj/Erth      0%         10d2      100%        8


Dungeon Overview and Level Annotations

Branches:
Dungeon (5/15)             Temple (1/1) D:4

Altars:
Ashenzari
Cheibriados
Dithmenos
Elyvilon
Fedhas
Gozag
Hepliaklqana
Kikubaaqudgha
Makhleb
Nemelex Xobeh
Okawaru
Qazlal
Ru
Sif Muna
Uskayaw
Vehumet
Wu Jian
Yredelemnul
Zin
The Shining One

Annotations:
D:3 Natasha
D:5 3 runed translucent doors, confidenceinterval's ghost, amateur SpHu


Innate Abilities, Weirdness & Mutations

You have a pair of horns on your head.
You reflexively headbutt those who attack you in melee.


Message History

The centaur shouts!
The jelly is no longer distracted by gold.
The wraith hits you but does no damage.
The centaur wields a +0 shortbow.
The centaur shoots an arrow.
The arrow barely misses you.
You closely miss the wraith. You headbutt the wraith!
The wraith is lightly damaged.
The centaur shoots an arrow.
The arrow hits you! The wraith barely misses you.
The centaur shoots an arrow.
The arrow hits you.
A jelly comes into view.
The wraith hits you but does no damage.
A phantom comes into view.
You barely miss the wraith. Your headbutt misses the wraith.
The wraith is lightly damaged.
The centaur shoots an arrow.
The arrow hits you! The wraith barely misses you.
The centaur shoots an arrow.
The arrow hits you.
* * * LOW HITPOINT WARNING * * *
A gnoll comes into view. It is wielding a +0 spear.
The wraith hits you!
* * * LOW HITPOINT WARNING * * *
The wraith drains your vigour!
You feel yourself slow down.
You feel better.
The centaur shoots an arrow.
You block the arrow. The wraith hits you but does no damage.
An orc comes into view. It is wielding a +0 hand axe.
The jelly attacks as you move away! You block the jelly's attack.
The centaur shoots an arrow.
You block the arrow. The jelly barely misses you. You furiously retaliate!
You headbutt the jelly! The wraith closely misses you.
You hear a shout!
The jelly attacks as you move away! The jelly hits you but does no damage.
The wraith attacks as you move away! You block the wraith's attack.
The orc shouts!
The centaur shoots an arrow.
The arrow misses you. The jelly attacks as you move away! The jelly hits you.
* * * LOW HITPOINT WARNING * * *
The acid corrodes you!
You are splashed with acid!
* * * LOW HITPOINT WARNING * * *
The centaur shoots an arrow.
The arrow hits you.
* * * LOW HITPOINT WARNING * * *
The centaur shoots an arrow.
The arrow hits you!
You die...
Your body crumbles into a pile of gold.

#.....##.. .#...#. .#.#
#.....##.. ...o... ...#
##.....#.. ...#...# ..#
#..##.... ..#.g.#..#
#S.###... [#..[#c.!#.# #..#
##.. #...#...#..# #####..#
#.. ...#..W#...####...#..#
#..
......J$J.@.....#.#..####..
.#...#..W#.####...#....####
#.. #...#..# ##.###.#.# [
#)..#/..# ##..>##.#.#
..#...#..# #.....).#.#
#...#...#.# ##...##.#.#
...........#####.#...#.#
###..##.###.)......#...#
#.####..###..##


You could see a wraith, a phantom, a centaur, 2 jellies and an orc.

Vanquished Creatures
  3 scorpions
  3 hounds
  2 orc wizards
  Natasha (D:3)
  5 iguanas
  2 adders
  2 ufetubi
  2 worms
  A dart slug (D:3)
  7 orcs
  6 ball pythons
  4 bats
  5 endoplasms
  A giant cockroach (D:3)
  3 goblins
  5 hobgoblins
  2 jackals (D:1)
  2 quokkas
  6 frilled lizards
  9 kobolds
  7 rats
78 creatures vanquished.

Notes
Turn   | Place    | Note
-------+----------+-------------------------------------------
     0 | D:1      | Citaku the Minotaur Fighter began the quest for the Orb.
     0 | D:1      | Reached XP level 1. HP: 19/19 MP: 0/0
   186 | D:1      | Reached XP level 2. HP: 27/27 MP: 1/1
   239 | D:1      | Reached skill level 4 in Armour
   991 | D:2      | Reached XP level 3. HP: 33/33 MP: 2/2
  1357 | D:2      | Identified the +2 pair of gloves "Qiyce" {Harm rC- Int-5
                  | SInv}
  1707 | D:3      | Noticed Natasha
  1712 | D:3      | Killed Natasha
  1769 | D:3      | Reached XP level 4. HP: 40/40 MP: 3/3
  1803 | D:3      | Noticed Natasha
  2146 | D:3      | Found a blossoming altar of Fedhas.
  2510 | D:4      | Noticed a scorpion
  2522 | D:4      | Killed a scorpion
  2523 | D:4      | Reached skill level 5 in Armour
  2523 | D:4      | Reached XP level 5. HP: 33/47 MP: 4/4
  2862 | D:4      | Found a staircase to the Ecumenical Temple.
  2877 | D:4      | Reached XP level 6. HP: 7/53 MP: 5/5
  2883 | Temple   | Entered the Ecumenical Temple
  3045 | Temple   | Became a worshipper of Gozag Ym Sagoz the Greedy
  3134 | D:4      | Reached skill level 5 in Axes
  3181 | D:4      | Found an ancient bone altar of Kikubaaqudgha.
  3585 | D:5      | Entered Level 5 of the Dungeon
  3650 | D:5      | Found a runed translucent gate.
  3650 | D:5      | Noticed confidenceinterval's ghost (amateur SpHu)
  3651 | D:5      | Found a runed translucent gate.
  3651 | D:5      | Found a runed translucent gate.
  3725 | D:5      | Reached skill level 6 in Armour
  3766 | D:5      | Reached skill level 5 in Shields
  3772 | D:5      | Reached skill level 5 in Fighting
  3839 | D:5      | Found a sparkling altar of Nemelex Xobeh.
  3885 | D:5      | Noticed a wraith
  3890 | D:5      | Reached XP level 7. HP: 46/61 MP: 6/6
  3896 | D:5      | Shot with an arrow by a centaur

Illustrated notes

Levels and vault maps discovered:
D:1:      dpeg_chamrin_arrival_tetris, layout_loops_ring,
          minmay_stone_trees_medium, dreamdust_princess_corridor,
          chequers_serial_rivers_micro_c, hangedman_decor_riveting,
          hangedman_decor_peaks_small
D:2:      layout_basic, patterned_corridor
D:3:      layout_basic, fedhas_altar_3, uniq_natasha
D:4:      layout_basic, mainiacjoe_overflow_paths, minmay_temple_entry_glass,
          nicolae_figureground_sparkle
D:5:      cheibrodos_fzero, layout_loops_ring, nemelex_diamond_rough_becter,
          trog_book, gammafunk_ghost_split
Temple:   sentei_temple_godly_chess

Skill      XL: |  1  2  3  4  5  6 |
---------------+-------------------+-----
Armour         | 4 5 6 |  6.4
Axes           | 3 4 5 |  5.7
Fighting       | 4 5 |  5.1
Shields        | 4 5 |  5.2

Action                   |  1- 3 |  4- 6 |  7- 9 || total
-------------------------+-------+-------+-------++-------
Melee: War axe           |    79 |    91 |       ||   170
       Headbutt          |    15 |    15 |     1 ||    31
       Hand axe          |       |     8 |     2 ||    10
  Use: Potion            |       |     1 |     2 ||     3
 Stab: Distracted        |       |     1 |       ||     1
Armor: Scale mail        |    48 |    45 |     4 ||    97
Dodge: Dodged            |    36 |    48 |     6 ||    90
Block: Buckler           |    17 |    29 |     4 ||    50

Table legend: (Time is in decaauts)
 A = Elapsed time spent in this place.
 B = Non-inter-level travel time spent in this place.
 C = Inter-level travel time spent in this place.
 D = Time resting spent in this place.
 E = Time spent auto-exploring this place.
 F = Levels seen in this place.
 G = Mean time per level.
                   A        B        C        D        E       F      G
               +--------+--------+--------+--------+--------+-----+--------+
         Total |   3967 |   3858 |    109 |    157 |   2986 |   6 |  661.2 |
       Dungeon |   3799 |   3690 |    109 |      0 |   2986 |   5 |  759.8 |
        Temple |    167 |    167 |      0 |    157 |      0 |   1 |  167.0 |
               +--------+--------+--------+--------+--------+-----+--------+

Top non-repeatable levels by time:
     D:4: 949 daAuts
     D:2: 932 daAuts
     D:3: 802 daAuts
     D:1: 790 daAuts
     D:5: 324 daAuts
  Temple: 167 daAuts
